 Dungeon Crawl Stone Soup version 0.18.1-8-gdd0e5ea (webtiles) character file.

238 Gargoyl the Skirmisher (level 5, 0/42 HPs)
             Began as a Demonspawn Abyssal Knight on June 1, 2016.
             Was a Priest of Lugonu.
             Slain by a gnoll
             ... wielding a +0 flail
              (7 damage)
             ... on level 3 of the Dungeon.
             The game lasted 00:06:55 (4261 turns).

Gargoyl the Skirmisher (Demonspawn Abyssal Knight)  Turns: 4261, Time: 00:06:56

Health: 0/42       AC:  7    Str: 14      XL:     5   Next: 78%
Magic:  6/6        EV:  9    Int: 13      God:    Lugonu [***...]
Gold:   183        SH:  0    Dex: 11 (12) Spells: 0 memorised, 4 levels left

rFire  . . .     SeeInvis .     a - +1 hand axe
rCold  . . .     Gourm    .     x - +0 scale mail
rNeg   . . .     Faith    .     (no shield)
rPois  +         Spirit   .     (helmet restricted)
rElec  .         Dismiss  .     q - +0 cloak
rCorr  .         Reflect  .     (no gloves)
SustAt .         Harm     .     (no boots)
MR     +....                    (no amulet)
Stlth  +.........               A - ring of poison resistance
                                n - ring of protection from magic

@: somewhat resistant to hostile enchantments, very unstealthy
A: antennae 2, nightstalker 1
a: Depart the Abyss, Bend Space, Banish, Renounce Religion


You were on level 3 of the Dungeon.
You worshipped Lugonu.
Lugonu was most pleased with you.
You were not hungry.

You visited 1 branch of the dungeon, and saw 3 of its levels.
You visited the Abyss 1 time.

You collected 183 gold pieces.

Inventory:

Hand Weapons
 a - a +1 hand axe (weapon)
 y - a +1 flail of crushing
Missiles
 s - 5 tomahawks (quivered)
Armour
 q - a +0 cloak (worn)
 x - a +0 scale mail (worn)
Jewellery
 n - a ring of protection from magic (left hand)
 A - a ring of poison resistance (right hand)
Scrolls
 d - 5 scrolls of identify {unknown}
 e - a scroll of immolation {unknown}
 g - a scroll of fog {unknown}
 h - a scroll of amnesia {unknown}
 l - 2 scrolls of teleportation {unknown}
 m - a scroll of enchant armour {unknown}
 r - a scroll of blinking {unknown}
 t - a scroll of noise {unknown}
 z - a scroll of random uselessness {unknown}
Potions
 f - a potion of agility
 k - 2 potions of degeneration
 o - a potion of cure mutation {unknown}
 p - a potion of resistance {unknown}
 v - a potion of berserk rage {unknown}
 w - a potion of beneficial mutation {unknown}
Comestibles
 c - 2 bread rations
 i - 2 royal jellies
 j - a beef jerky
 u - a slice of pizza


   Skills:
 + Level 4.2 Fighting
 + Level 2.8 Axes
 * Level 3.1 Armour
 + Level 2.2 Dodging
 + Level 1.3 Stealth
 + Level 2.6 Invocations


You had 4 spell levels left.
You didn't know any spells.

Dungeon Overview and Level Annotations

Branches:
Dungeon (3/15)

Altars:
Kikubaaqudgha
Nemelex Xobeh
Ru
Sif Muna
Yredelemnul


Innate Abilities, Weirdness & Mutations

You have a pair of antennae on your head.
You are slightly more attuned to the shadows.


Message History

You closely miss the gnoll.
The gnoll is almost dead.
The gnoll barely misses you. The gnoll hits you but does no damage.
You hit the gnoll.
You kill the gnoll!
Lugonu accepts your kill.
You hit the gnoll.
You kill the gnoll!
Lugonu accepts your kill.
You feel your strength returning.
You hit the gnoll.
The gnoll is severely wounded.
The gnoll barely misses you.
You closely miss the gnoll.
The gnoll is severely wounded.
The gnoll hits you but does no damage.
You barely miss the gnoll.
The gnoll is severely wounded.
The gnoll hits you with a flail!
You die...

........#
#.##.##.#.##
........###.##....#.#
............##..###.#
............##..###.#
#####.......##......#
#.......##[.....##
#.......##......<#
#.......##..###..#
#........(.@.##..#
#...######g#).#..#
#.####{.<[[...#).#
### #.###.......# #.#
#.......###
#.##..........# #
#.#.#.........# #
#..###...###..#### ##
..# ##..# #.....## #.


You could see a gnoll.

Vanquished Creatures
  An orc wizard (D:3)
  A hound skeleton (D:3)
  Robin (D:2)
  4 adders (D:2)
  5 gnolls (D:3)
  2 oozes
  2 dart slugs (D:1)
  3 giant geckos
  5 orcs (D:3)
  4 bats
  2 giant cockroaches
  15 goblins
  12 hobgoblins
  2 jackals (D:3)
  9 kobolds
  A quokka (D:3)
  A ball python (D:2)
  9 giant newts (D:2)
  10 rats
89 creatures vanquished.

Notes
Turn   | Place    | Note
--------------------------------------------------------------
     0 | Abyss:1  | Gargoyl the Demonspawn Abyssal Knight began the quest for the Orb.
     0 | Abyss:1  | Reached XP level 1. HP: 18/18 MP: 2/2
    44 | Abyss:1  | Noticed a flayed ghost
    52 | Abyss:1  | Noticed a small abomination
    71 | D:1      | Escaped the Abyss
   626 | D:1      | Gained mutation: You have a pair of small antennae on your head. [demonic ancestry]
   626 | D:1      | Reached XP level 2. HP: 24/24 MP: 3/3
   675 | D:1      | Reached * piety under Lugonu
   679 | D:1      | Reached skill level 1 in Dodging
  1236 | D:1      | Gained mutation: You have a pair of antennae on your head. [demonic ancestry]
  1236 | D:1      | Reached XP level 3. HP: 28/29 MP: 4/4
  1601 | D:2      | Found a deep blue altar of Sif Muna.
  1851 | D:2      | Noticed Robin
  1883 | D:2      | Killed Robin
  1883 | D:2      | Reached ** piety under Lugonu
  1883 | D:2      | Reached XP level 4. HP: 18/37 MP: 5/5
  2220 | D:2      | Reached skill level 4 in Fighting
  3195 | D:3      | Reached skill level 1 in Stealth
  3195 | D:3      | Gained mutation: You are slightly more attuned to the shadows. [demonic ancestry]
  3195 | D:3      | Reached XP level 5. HP: 26/42 MP: 6/6
  3921 | D:3      | Found a basalt altar of Yredelemnul.
  3924 | D:3      | Found a sacrificial altar of Ru.
  3931 | D:3      | Found a sparkling altar of Nemelex Xobeh.
  3934 | D:3      | Found an ancient bone altar of Kikubaaqudgha.
  4015 | D:3      | Reached *** piety under Lugonu
  4261 | D:3      | Slain by a gnoll

Skill      XL: |  1  2  3  4  5 |
---------------+----------------+-----
Axes           | 2 |  2.8
Dodging        | 1 2 |  2.2
Armour         | 2 3 |  3.1
Fighting       | 4 |  4.2
Stealth        | 1 |  1.3
Invocations    | |  2.6

Action                   |  1- 3 |  4- 6 || total
-------------------------+-------+-------++-------
Melee: Hand axe          |   125 |   219 ||   344
Invok: Depart the Abyss  |     1 |       ||     1
  Use: Potion            |       |     4 ||     4
 Stab: Sleeping          |     1 |     2 ||     3
  Eat: Chunk             |     3 |     8 ||    11
Armor: Leather armour    |    34 |    19 ||    53
       Ring mail         |       |    53 ||    53
       Scale mail        |       |    14 ||    14
Dodge: Dodged            |    80 |   166 ||   246
